 Dungeon Crawl Stone Soup version 0.30-a0-341-g682706514a (webtiles) character file.

Game seed: 17688502534974556861

230 Ijustatesigmund the Firebug (level 5, -3/31 HPs)
             Began as a Demonspawn Fire Elementalist on Nov 5, 2022.
             Slain by an orc
             ... wielding a +0 flail
              (5 damage)
             ... on level 5 of the Dungeon.
             The game lasted 00:04:45 (3305 turns).

Ijustatesigmund the Firebug (DsFE)                  Turns: 3305, Time: 00:04:46

Health: -3/31      AC:  4    Str:  9    XL:     5   Next: 72%
Magic:  8/9        EV: 12    Int: 18    God:
Gold:   106        SH:  4    Dex: 15    Spells: 7/10 levels left

rFire   . . .      SeeInvis .    c - +0 mace
rCold   . . .      Faith    .    (no shield)
rNeg    . . .      Spirit   .    a - +0 robe
rPois   +          Reflect  .    p - +1 helmet
rElec   .          Harm     .    e - scarf {repulsion}
rCorr   .          Rampage  .    (no gloves)
Will    .....                    (no boots)
Stlth   +++.......               (no amulet)
HPRegen 0.25/turn                (no ring)
MPRegen 0.11/turn                (no ring)

@: very slightly contaminated, repel missiles
A: hooves 2, thin skeletal structure 1, condensation shield, frail 1, poison
resistance
a: no special abilities


You were on level 5 of the Dungeon.
You visited 1 branch of the dungeon, and saw 5 of its levels.

You collected 106 gold pieces.

Inventory:

Hand Weapons
 c - a +0 mace (weapon)
Armour
 a - a +0 robe (worn)
 e - a scarf of repulsion (worn)
 p - a +1 helmet (worn)
Scrolls
 g - 3 scrolls of enchant armour {unknown}
 h - 2 scrolls of identify {unknown}
 k - a scroll of fear {unknown}
 l - 3 scrolls of teleportation
 o - a scroll of magic mapping {unknown}
 q - a scroll of vulnerability {unknown}
 r - a scroll of fog {unknown}
Potions
 b - a potion of magic
 i - a potion of invisibility {unknown}
 j - a potion of heal wounds {unknown}
 m - 3 potions of curing
 n - a potion of attraction {unknown}


   Skills:
 - Level 1.7 Dodging
 - Level 1.7 Stealth
 + Level 3.0 Spellcasting
 * Level 3.6 Conjurations
 * Level 4.2 Fire Magic


You had 7 spell levels left.
You knew the following spells:

 Your Spells              Type           Power      Damage    Failure   Level
a - Foxfire               Conj/Fire      68%        2x1d7     3%          1
b - Scorch                Fire           36%        2d7       4%          2

Your spell library contained the following spells:

 Spells                   Type           Power      Damage    Failure   Level
 Inner Flame              Hex/Fire       10%        N/A       21%         3
 Kindle Blastsparks       Fire/Tloc/Air  14%        2d11      26%         3
 Flame Wave               Conj/Fire      17%        2d7       32%         4


Dungeon Overview and Level Annotations

Branches:
Dungeon (5/15)
 Temple: D:4-7

Altars:

Annotations:
D:3 twist's ghost, amateur OpHs
D:4 Pikel


Innate Abilities, Weirdness & Mutations

You have hoof-like feet.
You have a somewhat thin skeletal structure. (Dex +2, Stealth+)
A meltable shield of frost defends you. (SH +4)
You are frail. (-10% HP)
Your system is resistant to poisons. (rPois)


Message History

You're too confused to cast spells.
You're too confused to cast spells.
You're too confused to cast spells.
The orc attacks as you move away! The orc closely misses you.
The orc wizard barely misses you.
The orc priest hits you but does no damage.
You closely miss the orc priest.
The orc priest is heavily wounded.
The orc wizard closely misses you. The orc hits you but does no damage.
The orc priest hits you but does no damage.
You completely miss the orc priest. Your kick misses the orc priest.
The orc priest is heavily wounded.
The orc wizard hits you with a +2 dagger of holy wrath.
You convulse.
The orc barely misses you.
The orc priest invokes the aid of Beogh against you.
You barely resist. The orc priest barely misses you.
The orc wizard hits you with a +2 dagger of holy wrath.
You convulse.
The orc barely misses you.
You miss the orc wizard.
The orc wizard is moderately wounded.
The orc wizard mumbles some strange words.
The orc wizard flickers and vanishes!
Deactivating autopickup; reactivate with Ctrl-A.
The orc priest completely misses you. The orc closely misses you.
You hit the orc priest but do no damage.
The orc priest is heavily wounded.
You feel less confused. Something hits you.
You convulse.
The orc priest mumbles some strange prayers to Beogh against you.
Pain shoots through your body! The orc hits you with a +0 flail.
* * * LOW HITPOINT WARNING * * *
Casting: Foxfire (safe; 3% risk of failure)
Confirm with . or Enter, or press ? or * to list all spells.
You miscast Foxfire.
You are very lightly contaminated with residual magic.
Nothing appears to happen.
Something barely misses you.
The orc priest hits you with a +0 hand axe.
* * * LOW HITPOINT WARNING * * *
The orc hits you with a +0 flail.
You die...

....## ..#. #
..... #...
.##.... #....
..... .....
.... ......#..#
......#..#
.....so@.##
......{o..#
...............
.....#####.....
....# ...##
##.. ...# ##
... ...


You could see a scorpion, an orc priest and an orc.

Vanquished Creatures
  Sigmund (D:3)
  An adder (D:3)
  5 dart slugs
  A worm (D:3)
  2 orcs (D:3)
  7 bats
  6 endoplasms
  A giant cockroach (D:3)
  3 goblins
  4 hobgoblins
  A quokka (D:1)
  9 ball pythons
  3 frilled lizards
  3 kobolds
  2 rats
49 creatures vanquished.

Vanquished Creatures (others)
  A bat (D:1)
  165 foxfires
166 creatures vanquished.

Grand Total: 215 creatures vanquished

Notes
Turn   | Place    | Note
-------+----------+-------------------------------------------
     0 | D:1      | Ijustatesigmund the Demonspawn Fire Elementalist began the
                  | quest for the Orb.
     0 | D:1      | Reached XP level 1. HP: 13/13 MP: 3/3
   372 | D:1      | Gained mutation: A meltable shield of frost defends you.
                  | (SH +4) [demonic ancestry]
   372 | D:1      | Reached XP level 2. HP: 19/19 MP: 0/5
   375 | D:1      | Learned a level 2 spell: Scorch
   556 | D:1      | Reached skill level 3 in Fire Magic
  1242 | D:2      | Reached XP level 3. HP: 24/24 MP: 3/6
  2235 | D:3      | Identified the +7 long sword "Mowueshoch" {vorpal, rPois
                  | Str+3}
  2570 | D:3      | Found a runed translucent gate.
  2570 | D:3      | Found a runed translucent gate.
  2570 | D:3      | Found a runed translucent gate.
  2587 | D:3      | Noticed twist's ghost (amateur OpHs)
  2589 | D:3      | Noticed Sigmund
  2605 | D:3      | Killed Sigmund
  2606 | D:3      | Reached skill level 4 in Fire Magic
  2606 | D:3      | Gained mutation: You have a somewhat thin skeletal
                  | structure. (Dex +2, Stealth+) [demonic ancestry]
  2606 | D:3      | Reached XP level 4. HP: 28/30 MP: 1/8
  2606 | D:3      | Gained mutation: You have large cloven feet. [demonic
                  | ancestry]
  2606 | D:3      | Reached XP level 5. HP: 33/35 MP: 1/9
  3177 | D:3      | Gained mutation: You are strong-willed. (Will+) [potion of
                  | mutation]
  3177 | D:3      | Gained mutation: You are frail. (-10% HP) [potion of
                  | mutation]
  3177 | D:3      | Gained mutation: Your mind is acute. (Int +4, Str/Dex -1)
                  | [potion of mutation]
  3192 | D:4      | Noticed Pikel
  3192 | D:4      | Noticed a lemure
  3192 | D:4      | Noticed a lemure
  3192 | D:4      | Noticed a lemure
  3192 | D:4      | Noticed a lemure
  3192 | D:4      | Noticed an ogre
  3286 | D:4      | Lost mutation: Your mind is acute. (Int +4, Str/Dex -1)
                  | [potion of mutation]
  3286 | D:4      | Lost mutation: You are strong-willed. (Will+) [potion of
                  | mutation]
  3286 | D:4      | Gained mutation: Your system is resistant to poisons.
                  | (rPois) [potion of mutation]
  3286 | D:4      | Gained mutation: You have hoof-like feet. [potion of
                  | mutation]
  3294 | D:5      | Entered Level 5 of the Dungeon
  3305 | D:5      | Slain by an orc

Illustrated notes

Levels and vault maps discovered:
D:1:      nzn_arrival_crosshair, layout_basic
D:2:      layout_basic, corexii_corridor_pit, kennysheep_generic_room_3
D:3:      layout_basic, gammafunk_ghost_necromancy, kennysheep_generic_room_9,
          uniq_sigmund
D:4:      layout_rooms, grunt_gozag_statues, minmay_temple_entry_proselytizer,
          grunt_decor_cap, uniq_robin, uniq_pikel, uniq_natasha
D:5:      layout_layer_cave, mainiacjoe_overflow_alcove_1, trog_book, tgw_sif,
          gup_sewer_entry_pipe, uniq_menkaure, uniq_ijyb, uniq_grinder

Skill      XL: |  1  2  3 |
---------------+----------+-----
Fire Magic     | 3 4 |  4.2
Conjurations   | 2 3 |  3.6
Spellcasting   | 3 |  3.0
Dodging        | |  1.7
Stealth        | |  1.7

Action                   |  1- 3 |  4- 6 || total
-------------------------+-------+-------++-------
Melee: Mace              |     5 |     9 ||    14
 Cast: Foxfire           |    83 |    17 ||   100
       Scorch            |     6 |     4 ||    10
  Use: Scroll            |     1 |       ||     1
       Potion            |     2 |     3 ||     5
Armor: Robe              |     5 |    12 ||    17
Dodge: Dodged            |    31 |    23 ||    54
       Repelled          |     2 |     1 ||     3
Block: Other             |     6 |     2 ||     8

Table legend: (Time is in decaauts)
 A = Elapsed time spent in this place.
 B = Non-inter-level travel time spent in this place.
 C = Inter-level travel time spent in this place.
 D = Time resting spent in this place.
 E = Time spent auto-exploring this place.
 F = Levels seen in this place.
 G = Mean time per level.
                   A        B        C        D        E       F      G
               +--------+--------+--------+--------+--------+-----+--------+
         Total |   3306 |   3258 |     48 |    392 |   2408 |   5 |  661.2 |
       Dungeon |   3306 |   3258 |     48 |    392 |   2408 |   5 |  661.2 |
               +--------+--------+--------+--------+--------+-----+--------+

Top non-repeatable levels by time:
     D:1: 1199 daAuts
     D:3: 1043 daAuts
     D:2: 975 daAuts
     D:4: 74 daAuts
     D:5: 13 daAuts
